 Dungeon Crawl Stone Soup version 0.19.0-23-gf02e663 (webtiles) character file.

88 Nimsei the Chopper (level 4, -6/34 HPs)
             Began as a Demonspawn Gladiator on Nov 19, 2016.
             Was a Follower of Vehumet.
             Killed from afar by an orc wizard (7 damage)
             ... with a magic dart
             ... on level 3 of the Dungeon.
             The game lasted 00:07:31 (851 turns).

Nimsei the Chopper (Demonspawn Gladiator)            Turns: 851, Time: 00:07:33

Health: -6/34      AC:  8    Str: 16    XL:     4   Next: 30%
Magic:  4/4        EV: 12    Int: 12    God:    Vehumet [*.....]
Gold:   114        SH:  0    Dex: 15    Spells: 0 memorised, 3 levels left

rFire  . . .     SeeInvis .     a - +0 war axe
rCold  . . .     Gourm    .     i - +0 ring mail
rNeg   . . .     Faith    .     (no shield)
rPois  .         Spirit   .     c - +0 helmet
rElec  .         Reflect  .     (no cloak)
rCorr  .         Harm     .     j - +0 pair of gloves
MR     +....                    (no boots)
Stlth  ++........               (no amulet)
                                l - ring of protection from magic
                                h - +1 ring of protection

@: no status effects
A: talons 1, thin skeletal structure 1, clever 1, nightstalker 1, screaming 1
a: Renounce Religion


You were on level 3 of the Dungeon.
You worshipped Vehumet.
Vehumet was aware of your devotion.
You were not hungry.

You visited 1 branch of the dungeon, and saw 3 of its levels.

You collected 114 gold pieces.

Inventory:

Hand Weapons
 a - a +0 war axe (weapon)
Missiles
 d - 3 throwing nets (quivered)
Armour
 c - a +0 helmet (worn)
 i - a +0 ring mail (worn)
 j - a +0 pair of gloves (worn)
Jewellery
 h - a +1 ring of protection (left hand)
 l - a ring of protection from magic (right hand)
Scrolls
 k - a scroll of magic mapping {unknown}
Potions
 b - a potion of lignification {unknown}
 e - a potion of ambrosia {unknown}
Comestibles
 f - 5 bread rations
 g - 2 beef jerkies


   Skills:
 + Level 2.6 Fighting
 + Level 3.9 Axes
 + Level 1.8 Throwing
 + Level 0.8 Armour
 + Level 3.0 Dodging


You had 3 spell levels left.
You didn't know any spells.

Dungeon Overview and Level Annotations

Branches:
Dungeon (3/15)

Altars:
Elyvilon
Vehumet


Innate Abilities, Weirdness & Mutations

You have a somewhat thin skeletal structure. (Dex +2, Stealth)
You are slightly more attuned to the shadows.
You have sharp toenails.
Your mind is acute. (Int +2)
You occasionally shout uncontrollably at your foes.


Message History

The adder skeleton bites you but does no damage.
The orc wizard casts a spell at you. The magic dart hits you!
* * * LOW HITPOINT WARNING * * *
The orc wizard closely misses you.
Okay, then.
You hit the orc wizard but do no damage.
The orc wizard is almost dead.
You hit the dart slug. The orc wizard closely misses you.
The dart slug bites you.
* * * LOW HITPOINT WARNING * * *
The orc wizard closely misses you.
You miss the orc wizard. Your kick misses the orc wizard.
The orc wizard is almost dead.
You hit the dart slug.
You kill the dart slug!
Vehumet accepts your kill.
The orc wizard gestures at you while chanting.
The magic dart hits you!
You die...

#..#.# #..#.# #.
#..#.# #.# #..#.# #...
#..#.#####
..<.#########........#
.................###.#
......)o....#....#
#.####
......Z†@......#.#
#.....
...###########.#.#
##.... ..#.........
#########.... ##### #


You could see an orc wizard and an adder skeleton.

Vanquished Creatures
  Jessica (D:3)
  An adder (D:2)
  2 worms (D:2)
  2 dart slugs
  2 leopard geckos
  2 orcs (D:3)
  2 ball pythons
  A giant cockroach (D:2)
  3 goblins (D:2)
  2 hobgoblins
  2 jackals (D:1)
  2 quokkas
  A bat (D:1)
  3 frilled lizards
  A kobold (D:1)
  17 rats
44 creatures vanquished.

Notes
Turn   | Place    | Note
-------+----------+-------------------------------------------
     0 | D:1      | Nimsei the Demonspawn Gladiator began the quest for the Orb.
     0 | D:1      | Reached XP level 1. HP: 16/16 MP: 1/1
    58 | D:1      | Gained mutation: You have a somewhat thin skeletal structure. (Dex +2, Stealth) [demonic ancestry]
    58 | D:1      | Reached XP level 2. HP: 22/22 MP: 2/2
   368 | D:2      | Gained mutation: You are slightly more attuned to the shadows. [demonic ancestry]
   368 | D:2      | Reached XP level 3. HP: 8/28 MP: 3/3
   381 | D:2      | Gained mutation: You have sharp toenails. [potion of mutation]
   381 | D:2      | Gained mutation: Your mind is acute. (Int +2) [potion of mutation]
   381 | D:2      | Gained mutation: You occasionally shout uncontrollably at your foes. [potion of mutation]
   528 | D:2      | Found a white marble altar of Elyvilon.
   697 | D:3      | Found a faded altar of an unknown god.
   710 | D:3      | Became a worshipper of Vehumet
   710 | D:3      | Reached * piety under Vehumet
   710 | D:3      | Offered knowledge of Magic Dart by Vehumet.
   788 | D:3      | Noticed Jessica
   792 | D:3      | Killed Jessica
   792 | D:3      | Reached XP level 4. HP: 9/34 MP: 4/4
   850 | D:3      | HP: 1/34 [dart slug (1)]
   851 | D:3      | Killed from afar by an orc wizard

Skill      XL: |  1  2 |
---------------+-------+-----
Axes           | 3 |  3.9
Dodging        | 3 |  3.0
Fighting       | |  2.6
Throwing       | |  1.8
Armour         | |  0.8

Action                   |  1- 3 |  4- 6 || total
-------------------------+-------+-------++-------
Melee: War axe           |   100 |    10 ||   110
       Kick              |    14 |     2 ||    16
  Use: Potion            |     4 |       ||     4
       Scroll            |     3 |       ||     3
 Stab: Sleeping          |     3 |       ||     3
Armor: Leather armour    |    41 |       ||    41
       Ring mail         |    10 |     3 ||    13
Dodge: Dodged            |    78 |    14 ||    92
